 Dungeon Crawl Stone Soup version 0.22.0-16-gc6d26f6 (webtiles) character file.

844 eccles the Cleaver (level 7, -10/61 HPs)
             Began as a Minotaur Berserker on Aug 8, 2018.
             Was a Priest of Trog.
             Killed from afar by an electric eel (14 damage)
             ... with a bolt of electricity
             ... on level 4 of the Dungeon on Aug 17, 2018.
             The game lasted 00:23:40 (3683 turns).

eccles the Cleaver (Minotaur Berserker)             Turns: 3683, Time: 00:23:41

Health: -10/61     AC: 15    Str: 22    XL:     7   Next: 68%
Magic:  6/6        EV:  3    Int:  4    God:    Trog [***...]
Gold:   244        SH: 14    Dex: 11    Spells: 6/6 levels left

rFire    . . .     SeeInvis +   a - +0 hand axe
rCold    + . .     Gourm    +   j - +0 large shield
rNeg     . . .     Faith    .   m - +2 plate armour
rPois    .         Spirit   .   (helmet restricted)
rElec    .         Reflect  .   (no cloak)
rCorr    .         Harm     .   s - +0 pair of gloves
MR       .....                  (no boots)
Stlth    ..........             y - amulet of the gourmand
HPRegen  0.20/turn              h - ring of see invisible
MPRegen  0.10/turn              B - ring of protection from cold

@: no status effects
A: retaliatory headbutt, horns 2
a: Berserk, Trog's Hand, Renounce Religion


You were on level 4 of the Dungeon.
You worshipped Trog.
Trog was most pleased with you.
You were full.

You visited 1 branch of the dungeon, and saw 5 of its levels.

You collected 244 gold pieces.

Inventory:

Hand Weapons
 a - a +0 hand axe (weapon)
Missiles
 o - 6 javelins (quivered)
Armour
 b - a +0 animal skin
 j - a +0 large shield (worn)
 m - a +2 plate armour (worn)
 s - a +0 pair of gloves (worn)
Jewellery
 h - a ring of see invisible (left hand)
 n - a cursed ring of attention
 y - an amulet of the gourmand (around neck)
 A - an uncursed ring of stealth
 B - a ring of protection from cold (right hand)
Wands
 f - a wand of flame (46)
Scrolls
 e - 3 scrolls of teleportation {unknown}
 i - a scroll of magic mapping
 k - a scroll of remove curse
 l - a scroll of immolation {unknown}
 q - a scroll of enchant weapon {unknown}
 t - a scroll of random uselessness {unknown}
 u - 2 scrolls of fear {unknown}
 v - a scroll of noise {unknown}
 w - a scroll of blinking {unknown}
Potions
 d - a potion of invisibility {unknown}
 g - a potion of agility {unknown}
 p - a potion of heal wounds {unknown}
 r - a potion of flight {unknown}
 x - a potion of degeneration {unknown}
Comestibles
 c - 9 rations
 z - a chunk of flesh


   Skills:
 * Level 5.4 Fighting
 * Level 8.5 Axes
 + Level 4.1 Armour
 + Level 3.0 Dodging
 + Level 3.5 Shields
 + Level 0.1 Evocations


You had 6 spell levels left.
You didn't know any spells.
Your spell library was empty.

Dungeon Overview and Level Annotations

Branches:
Dungeon (5/15)
 Temple: D:4-7

Altars:
Cheibriados
Hepliaklqana
Wu Jian

Annotations:
D:4 1 transporter


Innate Abilities, Weirdness & Mutations

You reflexively headbutt those who attack you in melee.
You have a pair of horns on your head.


Message History

Trog accepts your kill.
The electric eel shoots out a bolt of lightning at you!
The bolt of electricity hits you! x2; The bolt of electricity hits the plant.
There is an open door here.
The electric eel shoots out a bolt of lightning at you!
The bolt of electricity hits you!
* * * LOW HITPOINT WARNING * * *
You closely miss the electric eel. You headbutt the electric eel.
The electric eel is moderately wounded.
The electric eel shoots out a bolt of lightning at you!
The bolt of electricity hits you!
* * * LOW HITPOINT WARNING * * *
You slash the electric eel!
The electric eel is almost dead.
The electric eel shoots out a bolt of lightning at you!
The bolt of electricity hits you!
* * * LOW HITPOINT WARNING * * *
The electric eel shoots out a bolt of lightning at you!
The bolt of electricity hits you!
You die...

....# ...#############
...##....#.....##############
.........'..................#
.........#..###############.#
.........#..#8P#≈≈≈≈≈≈≈#P8#.##
...#######..#..#..≈≈≈≈≈#..#..##
.(.##......©#©.'.§≈♣≈P≈+)©#©..##
............#..#@.≈P≈≈≈#..#....#
............#8P#;†≈≈≈≈≈#P8#....#
.....<......###############....#
...............................##
...##(...##.##...#########......#
#####(...##.##...###....##:..####
<..(((...#..............#.....#
...#.....#..............#.....#
...#.....#..............#.....#


You could see an electric eel.

Vanquished Creatures
  2 phantoms (D:4)
  A centaur (D:4)
  A bullfrog (D:2)
  2 electric eels (D:4)
  A crimson imp (D:3)
  2 orc priests
  4 orc wizards
  A worker ant (D:4)
  5 gnolls
  6 adders
  An ooze (D:3)
  A worm (D:3)
  3 dart slugs
  4 leopard geckos
  13 orcs
  3 giant cockroaches
  11 goblins
  10 hobgoblins
  4 jackals (D:3)
  11 kobolds
  3 quokkas
  7 bats
  4 frilled lizards
  A leopard gecko skeleton (D:4)
  9 rats
110 creatures vanquished.

Notes
Turn   | Place    | Note
-------+----------+-------------------------------------------
     0 | D:1      | eccles the Minotaur Berserker began the quest for the Orb.
     0 | D:1      | Reached XP level 1. HP: 19/19 MP: 0/0
    91 | D:1      | Reached XP level 2. HP: 14/27 MP: 1/1
   100 | D:1      | Reached skill level 4 in Axes
   847 | D:1      | Reached XP level 3. HP: 33/34 MP: 2/2
   876 | D:1      | Upgraded the game from 0.22-b1-26-g9dbaab1 to 0.22.0-16-gc6d26f6
  1325 | D:2      | Reached ** piety under Trog
  1497 | D:2      | Found a snail-covered altar of Cheibriados.
  1592 | D:2      | Reached XP level 4. HP: 41/41 MP: 3/3
  1673 | D:2      | Noticed a bullfrog
  1686 | D:2      | Killed a bullfrog
  1686 | D:2      | Reached skill level 5 in Axes
  1686 | D:2      | Reached XP level 5. HP: 47/47 MP: 4/4
  1868 | D:3      | Found a transporter.
  1993 | D:3      | Found a hazy altar of Hepliaklqana.
  1993 | D:3      | Found an ornate altar of the Wu Jian Council.
  2025 | D:3      | Found a transporter.
  2051 | D:3      | Reached skill level 1 in Shields
  2277 | D:3      | Reached skill level 6 in Axes
  2439 | D:3      | Reached *** piety under Trog
  2447 | D:3      | Reached XP level 6. HP: 51/53 MP: 5/5
  2922 | D:4      | Reached skill level 7 in Axes
  3054 | D:4      | Found a transporter.
  3075 | D:4      | Reached skill level 5 in Fighting
  3091 | D:4      | Reached XP level 7. HP: 33/61 MP: 6/6
  3163 | D:4      | Reached skill level 8 in Axes
  3548 | D:4      | Found a transporter.
  3632 | D:5      | Entered Level 5 of the Dungeon
  3683 | D:4      | Killed from afar by an electric eel

Skill      XL: |  1  2  3  4  5  6  7 |
---------------+----------------------+-----
Fighting       | 4 5 |  5.4
Axes           | 4 5 6 7 8 |  8.5
Dodging        | 3 |  3.0
Shields        | 1 3 |  3.5
Armour         | 3 4 |  4.1
Evocations     | |  0.1

Action                   |  1- 3 |  4- 6 |  7- 9 || total
-------------------------+-------+-------+-------++-------
Melee: Hand axe          |   103 |   175 |    51 ||   329
       Headbutt          |    18 |    36 |    16 ||    70
Evoke: Wand              |       |     2 |     4 ||     6
  Use: Scroll            |       |     6 |     1 ||     7
  Eat: Chunk             |     2 |     8 |     8 ||    18
Armor: Animal skin       |    12 |       |       ||    12
       Plate armour      |    30 |    88 |    20 ||   138
Dodge: Dodged            |    22 |    13 |     4 ||    39
Block: Large shield      |    33 |   122 |    32 ||   187
